 Dungeon Crawl Stone Soup version 0.25.0-9-g26727b657a (webtiles) character file.

Game seed: 10166923796312927485

6147 Infinimo the Arsonist (level 10, -2/50 HPs)
             Began as a Deep Elf Fire Elementalist on June 18, 2020.
             Was a Priest of Vehumet.
             Slain by a phantom (7 damage)
             ... on level 9 of the Dungeon.
             The game lasted 00:25:23 (18224 turns).

Infinimo the Arsonist (Deep Elf Fire Elementalist) Turns: 18224, Time: 00:25:23

Health: -2/50      AC:  6    Str:  5    XL:     10   Next: 59%
Magic:  21/25      EV: 13    Int: 24    God:    Vehumet [***...]
Gold:   428        SH: 10    Dex: 15    Spells: 14/27 levels left

rFire    . . .     SeeInvis .   b - +3 short sword (speed)
rCold    + . .     Gourm    .   s - +0 buckler
rNeg     . . .     Faith    .   A - +2 robe {rC+}
rPois    .         Spirit   .   D - +0 helmet (curse)
rElec    .         Reflect  +   u - +0 cloak
rCorr    .         Harm     .   (no gloves)
MR       +....                  (no boots)
Stlth    ++........             e - amulet of reflection
HPRegen  0.16/turn              j - ring of flight
MPRegen  0.19/turn              E - ring of wizardry

@: no status effects
A: no striking features
a: Renounce Religion, Evoke Flight


You were on level 9 of the Dungeon.
You worshipped Vehumet.
Vehumet was most pleased with you.
You were not hungry.

You visited 2 branches of the dungeon, and saw 10 of its levels.
You also visited: Sewer.

You collected 506 gold pieces.
You spent 78 gold pieces at shops.

Inventory:

Hand Weapons
 b - a +3 short sword of speed (weapon)
Armour
 s - a +0 buckler (worn)
 u - a +0 cloak (worn)
 A - a +2 robe of cold resistance (worn)
 D - a cursed +0 helmet (worn)
Jewellery
 e - an amulet of reflection (around neck)
 j - a ring of flight (left hand)
 B - an uncursed ring of ice
 E - a ring of wizardry (right hand)
Wands
 m - a wand of iceblast (7)
 w - a wand of digging (7)
 z - a wand of clouds (3)
 C - a wand of flame (15)
Scrolls
 a - a scroll of brand weapon {unknown}
 i - 4 scrolls of remove curse
 k - 9 scrolls of amnesia
 p - a scroll of enchant armour
 q - 3 scrolls of teleportation
 x - 4 scrolls of identify
 y - 2 scrolls of enchant weapon
 G - a scroll of summoning {unknown}
 H - a scroll of noise {unknown}
Potions
 d - 2 potions of lignification
 f - a potion of stabbing
 g - a potion of heal wounds
 h - 3 potions of degeneration
 l - 4 potions of flight
 n - 2 potions of mutation
 o - 3 potions of invisibility
 r - a potion of brilliance
 t - a potion of might
 v - 2 potions of haste
Comestibles
 c - 8 rations


   Skills:
 - Level 2.4 Dodging
 - Level 2.4 Stealth
 + Level 4.4 Shields
 + Level 9.2 Spellcasting
 * Level 10.4 Conjurations
 * Level 10.9 Fire Magic


You had 14 spell levels left.
You knew the following spells:

 Your Spells              Type           Power        Failure   Level  Hunger
a - Foxfire               Conj/Fire      ####         1%          1    None
b - Conjure Flame         Conj/Fire      ######..     1%          3    None
c - Sticky Flame          Conj/Fire      ######..     1%          4    ##.....
d - Fireball              Conj/Fire      ######....   1%          5    ####...

Your spell library contained the following spells:

 Spells                   Type           Power        Failure   Level  Hunger
 Olgreb's Toxic Radiance  Pois           ##......     7%          4    ##.....
 Inner Flame              Hex/Fire       #####...     1%          3    None


Dungeon Overview and Level Annotations

Branches:
Dungeon (9/15)             Temple (1/1) D:5           Sewer (visited)
   Lair: D:8-11         Orc: D:9-12

Altars:
Ashenzari
Cheibriados
Dithmenos
Elyvilon
Fedhas
Gozag
Hepliaklqana
Kikubaaqudgha
Makhleb
Nemelex Xobeh
Okawaru
Qazlal
Ru
Sif Muna
Trog
Uskayaw
Vehumet
Wu Jian
Xom
Yredelemnul
Zin
The Shining One

Shops:
D:4 :   D:6 ?}=

Annotations:
D:9 2 transporters, Beibim's ghost, novice VSAs


Message History

Confirm with . or Enter, or press ? or * to list all spells.
You conjure some foxfire!
The phantom hits you!
* * * LOW HITPOINT WARNING * * *
The foxfire hits the phantom but does no damage.
The phantom is moderately damaged.
The foxfire hits the phantom!
The phantom is heavily damaged.
You block the phantom's attack.
Casting: Foxfire (safe; 1% risk of failure)
Confirm with . or Enter, or press ? or * to list all spells.
You conjure some foxfire!
You block the phantom's attack.
The foxfire hits the phantom but does no damage.
The phantom is heavily damaged.
The foxfire hits the phantom.
The phantom is heavily damaged.
The phantom hits you but does no damage.
Casting: Foxfire (safe; 1% risk of failure)
Confirm with . or Enter, or press ? or * to list all spells.
You conjure some foxfire!
The phantom hits you!
You die...

### .... #########
..... #.......###
......#####
#.........####
........W@###.......#
#...
......###vv.........#
#... ...ยง.
#####.......# +...
.... #.......# #...
### #.......# ####
#.......# ####.####
#...# ###.######


You could see a phantom.

Vanquished Creatures
  A two-headed ogre (D:9)
  Pikel (D:6)
  A hippogriff (D:9)
  Prince Ribbit (D:7)
  Grum (D:8)
  A hungry ghost (D:8)
  Duvessa (D:7)
  4 sky beasts
  3 orc warriors
  2 slaves (D:5)
  2 ogres
  A necrophage (D:8)
  2 phantoms
  A centaur (D:8)
  4 wolves (D:8)
  A big kobold (D:8)
  3 bullfrogs
  The ghost of xomsplaything the Sneak, an amateur FeCK of Xom (D:3)
  Dowan (D:7)
  2 scorpions
  6 killer bees (D:9)
  10 wights
  3 howler monkeys
  3 crimson imps
  3 bullfrog skeletons
  2 centaur zombies
  A quasit (D:9)
  2 bullfrog zombies
  3 hounds
  6 orc priests
  6 orc wizards
  2 jellies
  Crazy Yiuf (D:3)
  A gnoll shaman (D:7)
  2 iguanas (D:7)
  6 worker ants
  2 hound skeletons
  4 gnolls (D:7)
  18 adders
  4 shadow imps
  13 oozes
  An adder zombie (D:9)
  3 adder skeletons
  5 worms
  4 dart slugs
  2 leopard geckos
  37 orcs
  7 giant cockroaches
  6 goblins
  3 hobgoblins
  10 jackals
  2 quokkas
  3 ball pythons
  15 bats
  10 frilled lizards
  A jackal skeleton (D:4)
  24 kobolds
  A leopard gecko zombie (D:3)
  2 quokka skeletons
  2 quokka zombies
  11 rats
281 creatures vanquished.

Vanquished Creatures (collateral kills)
  2 rats
2 creatures vanquished.

Vanquished Creatures (others)
  1466 foxfires
  6 fungi (D:2)
  7 toadstools (D:2)
1479 creatures vanquished.

Grand Total: 1762 creatures vanquished

Notes
Turn   | Place    | Note
-------+----------+-------------------------------------------
     0 | D:1      | Infinimo the Deep Elf Fire Elementalist began the quest for
                  | the Orb.
     0 | D:1      | Reached XP level 1. HP: 10/10 MP: 6/6
   312 | D:1      | Reached XP level 2. HP: 15/15 MP: 5/8
  1010 | D:1      | Reached XP level 3. HP: 19/19 MP: 5/9
  1868 | D:2      | Reached XP level 4. HP: 2/24 MP: 4/11
  2138 | D:2      | Learned a level 3 spell: Conjure Flame
  2143 | D:2      | Learned a level 4 spell: Sticky Flame
  2792 | D:2      | Reached XP level 5. HP: 26/28 MP: 6/13
  3028 | D:2      | Reached skill level 5 in Fire Magic
  3532 | D:3      | Found a glowing drain.
  3590 | Sewer    | Entered a sewer
  4921 | D:3      | Reached XP level 6. HP: 32/32 MP: 11/14
  5008 | D:3      | Found a transporter.
  5010 | D:3      | Noticed xomsplaything's ghost (amateur FeCK)
  5015 | D:3      | Found a transporter.
  5758 | D:3      | Found a runed translucent door.
  5759 | D:3      | Noticed Crazy Yiuf
  5776 | D:3      | Paralysed by Crazy Yiuf for 3 turns
  5780 | D:3      | Killed Crazy Yiuf
  6043 | D:3      | HP: 1/32 [hound skeleton (1)]
  6377 | D:3      | Killed xomsplaything's ghost
  6377 | D:3      | Reached skill level 5 in Spellcasting
  6594 | D:4      | Found Natro's Book Shoppe.
  6600 | D:4      | Reached skill level 5 in Conjurations
  6610 | D:4      | Reached XP level 7. HP: 36/36 MP: 9/16
  6754 | D:4      | Learned a level 5 spell: Fireball
  8637 | D:4      | Got a faintly glowing short sword
  8638 | D:4      | Lost strength.
  8638 | D:4      | Identified the cursed +2 short sword of Weosch {drain,
                  | +Blink +Inv rElec Str-5} (You found it on level 4 of the
                  | Dungeon)
  8655 | D:5      | Entered Level 5 of the Dungeon
  8864 | D:5      | Found a staircase to the Ecumenical Temple.
  8904 | D:5      | Reached skill level 1 in Shields
  8904 | D:5      | Reached XP level 8. HP: 41/41 MP: 13/19
  8911 | Temple   | Entered the Ecumenical Temple
  9014 | Temple   | Became a worshipper of Vehumet
 10303 | D:6      | Noticed Pikel
 10682 | D:6      | Found Buapaufy's Gadget Shop.
 10682 | D:6      | Found Ammeut's Jewellery Boutique.
 11012 | D:6      | Killed Pikel
 11012 | D:6      | Reached XP level 9. HP: 24/45 MP: 9/21
 11573 | D:6      | Found a sparkling altar of Nemelex Xobeh.
 11615 | D:6      | Found Caeguo's Magic Scroll Shoppe.
 11619 | D:6      | Bought a scroll of teleportation for 39 gold pieces
 11619 | D:6      | Bought a scroll of teleportation for 39 gold pieces
 11891 | D:7      | Reached * piety under Vehumet
 11891 | D:7      | Offered knowledge of Freeze by Vehumet.
 11907 | D:7      | Noticed Prince Ribbit
 11914 | D:7      | Killed Prince Ribbit
 12921 | D:7      | Noticed Duvessa
 12935 | D:7      | Noticed Dowan
 13520 | D:7      | Reached ** piety under Vehumet
 13962 | D:8      | Offered knowledge of Searing Ray by Vehumet.
 14414 | D:7      | Killed Dowan
 14416 | D:7      | Killed Duvessa
 15192 | D:8      | Reached skill level 10 in Fire Magic
 15301 | D:8      | Reached XP level 10. HP: 50/50 MP: 22/24
 15936 | D:8      | Noticed Grum
 15952 | D:8      | Killed Grum
 16035 | D:8      | Offered knowledge of Dazzling Flash by Vehumet.
 16773 | D:9      | Reached *** piety under Vehumet
 16837 | D:9      | Found a shattered altar of Ashenzari.
 16853 | D:9      | Found an opulent altar of Gozag.
 16881 | D:9      | Found a transporter.
 17132 | D:9      | Found a transporter.
 17145 | D:9      | Reached skill level 10 in Conjurations
 17210 | D:9      | Noticed Beibim's ghost (novice VSAs)
 17251 | D:9      | Noticed a two-headed ogre
 17538 | D:9      | Killed a two-headed ogre
 17538 | D:9      | Offered knowledge of Olgreb's Toxic Radiance by Vehumet.
 18224 | D:9      | Slain by a phantom

Illustrated notes

Levels and vault maps discovered:
D:1:      eino_arrival_tree_alley, layout_loops_ring
D:2:      cheibrodos_fertilizer, layout_rooms, first_ration
D:3:      layout_loops_corners, cheibrodos_sewer_entry_bend,
          gammafunk_ghost_mausoleum, uniq_crazy_yiuf_cottage
D:4:      layout_gridville, serial_shops, shop_fountains,
          guppyfry_early_orc_mine
D:5:      layout_gridville, minmay_temple_entry_statues_fountains
D:6:      layout_basic, serial_shops, shop, shop, shop,
          nemelex_diamond_rough_becter, uniq_pikel
D:7:      layout_cave_pods, uniq_duvessa, uniq_prince_ribbit1
D:8:      layout_cave_pods, uniq_grum
D:9:      layout_roguey, nicolae_ashenzari_panopticon, basic_altar,
          gammafunk_ghost_stat_death
Temple:   grunt_wide_crystal_templ

Skill      XL: |  1  2  3  4  5  6  7  8  9 10 |
---------------+-------------------------------+-----
Conjurations   | 2 3 4 5 6 7 9 10 | 10.4
Fire Magic     | 4 5 6 7 8 10 | 10.9
Spellcasting   | 4 5 6 7 8 9 |  9.2
Shields        | 1 2 3 4 |  4.4
Dodging        | |  2.4
Stealth        | |  2.4

Action                   |  1- 3 |  4- 6 |  7- 9 | 10-12 || total
-------------------------+-------+-------+-------+-------++-------
Melee: Short sword       |       |     1 |   280 |     6 ||   287
 Cast: Foxfire           |   128 |   250 |   421 |   182 ||   981
       Sticky Flame      |       |       |    11 |     5 ||    16
       Fireball          |       |       |     1 |     5 ||     6
       Conjure Flame     |       |       |     1 |     3 ||     4
  Use: Scroll            |     3 |     9 |    12 |     2 ||    26
       Potion            |       |     1 |     2 |     1 ||     4
  Eat: Chunk             |     3 |     9 |    23 |     3 ||    38
       Ration            |       |     1 |     2 |     2 ||     5
Armor: Robe              |     4 |    32 |    62 |    46 ||   144
Dodge: Dodged            |    28 |    73 |   166 |    99 ||   366
Block: Other             |       |    10 |     7 |       ||    17
       Buckler           |       |       |   168 |   103 ||   271
       Reflection        |       |       |     6 |       ||     6
